 Dungeon Crawl Stone Soup version 0.18.1-47-g9310371 (webtiles) character file.

1001 Peloso the Covered (level 8, -3/69 HPs)
             Began as a Minotaur Fighter on June 18, 2016.
             Killed by divine providence
             ... invoked by an orc priest
              (12 damage)
             ... on level 5 of the Dungeon.
             The game lasted 00:07:24 (3264 turns).

Peloso the Covered (Minotaur Fighter)               Turns: 3264, Time: 00:07:27

Health: -3/69      AC: 10    Str: 26    XL:     8   Next: 0%
Magic:  7/7        EV:  8    Int:  5    God:
Gold:   248        SH: 11    Dex: 12    Spells: 0 memorised, 7 levels left

rFire  . . .     SeeInvis .     a - +0 long sword
rCold  . . .     Gourm    +     y - +0 chain mail
rNeg   . . .     Faith    .     c - +0 shield
rPois  .         Spirit   .     (helmet restricted)
rElec  .         Dismiss  .     (no cloak)
rCorr  .         Reflect  .     (no gloves)
SustAt .         Harm     .     (no boots)
MR     .....                    D - amulet of the gourmand
Stlth  ..........               (no ring)
                                (no ring)

@: mighty, slowed, very slow, not resistant to hostile enchantments, extremely
unstealthy
A: retaliatory headbutt, horns 2
a: no special abilities


You were on level 5 of the Dungeon.
You were not hungry.

You visited 1 branch of the dungeon, and saw 5 of its levels.

You collected 248 gold pieces.

Inventory:

Hand Weapons
 a - a +0 long sword (weapon)
Armour
 c - a +0 shield (worn)
 y - a +0 chain mail (worn)
Jewellery
 D - an amulet of the gourmand (around neck)
Wands
 l - a wand of slowing (15/48)
 A - a wand of paralysis (10/24)
Scrolls
 e - 2 scrolls of remove curse
 g - 3 scrolls of noise {unknown}
 h - a scroll of enchant armour {unknown}
 j - a scroll of blinking {unknown}
 k - a scroll of amnesia {unknown}
 m - 2 scrolls of fog {unknown}
 n - 4 scrolls of enchant weapon {unknown}
 q - 2 scrolls of fear {unknown}
 s - 2 scrolls of teleportation {unknown}
 x - 2 scrolls of identify {unknown}
 z - a scroll of random uselessness {unknown}
 F - a scroll of magic mapping {unknown}
Potions
 b - a potion of beneficial mutation {unknown}
 p - a potion of haste {unknown}
 r - a potion of curing {unknown}
 t - a potion of heal wounds {unknown}
 u - a potion of degeneration {unknown}
 v - a potion of mutation {unknown}
 w - a potion of agility {unknown}
 B - a potion of flight {unknown}
 E - a potion of resistance {unknown}
Books
 o - a book of Air

   Spells                             Type                      Level
   a - Shock                          Conjuration/Air              1
   b - Swiftness                      Charms/Air                   2
   c - Repel Missiles                 Charms/Air                   2
   d - Static Discharge               Conjuration/Air              3
   e - Lightning Bolt                 Conjuration/Air              5
Comestibles
 f - 5 bread rations
 i - 2 meat rations


   Skills:
 + Level 5.5 Fighting
 + Level 5.2 Long Blades
 + Level 7.2 Armour
 + Level 2.6 Dodging
 + Level 6.8 Shields


You had 7 spell levels left.
You didn't know any spells.

Dungeon Overview and Level Annotations

Branches:
Dungeon (5/15)
 Temple: D:4-7

Altars:
Cheibriados
Makhleb
Nemelex Xobeh
Zin


Innate Abilities, Weirdness & Mutations

You reflexively headbutt those who attack you in melee.
You have a pair of horns on your head.


Message History

The orc warrior blocks your attack.
The orc warrior is severely wounded.
You block the orc warrior's attack. The orc hits you but does no damage.
The orc wizard points at you and mumbles some strange words.
You resist with some effort.
The orc warrior hits you with a long sword!
* * * LOW HITPOINT WARNING * * *
An orc and an orc priest come into view.
The orc shouts!
The orc priest shouts!
You slash the orc warrior!
You kill the orc warrior!
You have reached level 8!
You feel stronger.
Your life force feels restored.
The orc hits you but does no damage.
The orc priest looks braver for a moment.
You block the orc's attack.
The orc priest mumbles some strange prayers to Beogh against you.
Beogh smites you!
You die...

#.............. ..
#...........>.. #..
#.............. ..
#.............. .
#.........[....
......#..............
#####.....#..............
#..##.....#.....o...o.o..
....#.....#..)..@o.......
#...#.....###)##zo.....##
#...#......#...#.......#
....#......#...#.......#
....'......'...#.......#
##+##..##'###..#.......#
##.##..##.######........
.#.....#....# #........
.#.....#....#


You could see a wight, an orc priest, an orc wizard and 3 orcs.

Vanquished Creatures
  Sigmund (D:2)
  Menkaure (D:4)
  An orc warrior (D:5)
  A centaur (D:5)
  A gnoll sergeant (D:5)
  A wight (D:5)
  A crimson imp (D:5)
  A hound (D:4)
  An orc priest (D:4)
  A centaur skeleton (D:4)
  Jessica (D:3)
  Ijyb (D:3)
  Natasha (thrice) (D:2)
  An iguana (D:4)
  An orc wizard (D:4)
  Robin (D:2)
  6 adders
  2 shadow imps
  2 oozes
  2 worms (D:2)
  A dart slug (D:1)
  2 giant geckos
  5 orcs
  2 ball pythons (D:1)
  14 goblins
  10 hobgoblins
  5 kobolds
  4 bats
  3 giant newts
  7 rats
83 creatures vanquished.

Notes
Turn   | Place    | Note
--------------------------------------------------------------
     0 | D:1      | Peloso the Minotaur Fighter began the quest for the Orb.
     0 | D:1      | Reached XP level 1. HP: 19/19 MP: 0/0
    47 | D:1      | Reached skill level 4 in Armour
    47 | D:1      | Reached XP level 2. HP: 27/27 MP: 1/1
   422 | D:1      | Reached XP level 3. HP: 26/33 MP: 2/2
   731 | D:2      | Noticed Natasha
   737 | D:2      | Killed Natasha
   747 | D:2      | Reached XP level 4. HP: 16/40 MP: 3/3
  1182 | D:2      | Noticed Robin
  1187 | D:2      | Killed Robin
  1297 | D:2      | Noticed Natasha
  1320 | D:2      | Killed Natasha
  1320 | D:2      | Reached skill level 5 in Armour
  1324 | D:2      | Reached XP level 5. HP: 23/47 MP: 4/4
  1335 | D:2      | Noticed Natasha
  1338 | D:2      | Killed Natasha
  1411 | D:2      | Found a faded altar to an unknown god.
  1584 | D:2      | Noticed Sigmund
  1593 | D:2      | Killed Sigmund
  1593 | D:2      | Reached skill level 1 in Dodging
  1593 | D:2      | Reached skill level 5 in Shields
  1593 | D:2      | Reached XP level 6. HP: 48/53 MP: 5/5
  1709 | D:3      | Noticed Jessica
  1716 | D:3      | Killed Jessica
  1874 | D:3      | Noticed Ijyb
  1883 | D:3      | Killed Ijyb
  1995 | D:3      | Found a sparkling altar of Nemelex Xobeh.
  2367 | D:4      | Reached skill level 5 in Fighting
  2424 | D:4      | Found a snail-covered altar of Cheibriados.
  2489 | D:4      | Reached XP level 7. HP: 57/61 MP: 6/6
  2836 | D:4      | Reached skill level 6 in Armour
  2872 | D:4      | Noticed Menkaure
  2877 | D:4      | Killed Menkaure
  2897 | D:4      | Found a burning altar of Makhleb.
  3050 | D:5      | Entered Level 5 of the Dungeon
  3102 | D:5      | Found a glowing silver altar of Zin.
  3102 | D:5      | Noticed an angel
  3207 | D:5      | Reached skill level 5 in Long Blades
  3224 | D:5      | Reached skill level 7 in Armour
  3264 | D:5      | Reached XP level 8. HP: 9/69 MP: 7/7
  3264 | D:5      | Killed from afar by an orc priest

Skill      XL: |  1  2  3  4  5  6  7 |
---------------+----------------------+-----
Armour         | 4 5 7 |  7.2
Shields        | 4 5 6 |  6.8
Fighting       | 4 5 |  5.5
Long Blades    | 3 4 5 |  5.2
Dodging        | 1 2 |  2.6

Action                   |  1- 3 |  4- 6 |  7- 9 || total
-------------------------+-------+-------+-------++-------
Melee: Long sword        |    60 |   140 |    51 ||   251
       Headbutt          |     7 |    21 |    15 ||    43
  Use: Scroll            |       |     1 |       ||     1
       Potion            |       |       |     1 ||     1
  Eat: Chunk             |       |     5 |     4 ||     9
Armor: Scale mail        |    24 |    50 |       ||    74
       Chain mail        |       |    10 |    20 ||    30
Dodge: Dodged            |    17 |    31 |    10 ||    58
Block: Shield            |    28 |    78 |    40 ||   146
